 Dungeon Crawl Stone Soup version 0.30-a0-586-g23e55c9e0a (webtiles) character file.

Game seed: 6064001593962250098

315 wormed the Chopper (level 6, -3/57 HPs)
             Began as a Naga Fighter on Jan 4, 2023.
             Slain by an orc priest
             ... wielding a +0 trident
              (8 damage)
             ... on level 4 of the Dungeon.
             The game lasted 00:03:40 (3810 turns).

wormed the Chopper (Naga Fighter)                   Turns: 3810, Time: 00:03:41

Health: -3/57      AC:  5    Str: 20    XL:     6   Next: 44%
Magic:  6/6        EV:  7    Int:  8    God:
Gold:   173        SH:  0    Dex: 11    Spells: 5/5 levels left

rFire   . . .      SeeInvis +    a - +1 war axe
rCold   . . .      Faith    .    c - +0 buckler
rNeg    . . .      Spirit   .    b - +0 scale mail
rPois   +          Reflect  .    (no helmet)
rElec   .          Harm     .    (no cloak)
rCorr   .          Rampage  .    (no gloves)
Will    .....                    (no barding) Stlth
                                 (no amulet)
HPRegen 0.29/turn                (no ring)
MPRegen 0.10/turn                (no ring)

@: confused, ambrosia-drunk, very slow
A: AC +2, large, see invisible, deformed body, poison resistance, slowness 2,
spit poison 1, naga tail 1
a: Spit Poison


You were on level 4 of the Dungeon.
You visited 1 branch of the dungeon, and saw 4 of its levels.

You collected 173 gold pieces.

Inventory:

Hand Weapons
 a - a +1 war axe (weapon)
Missiles
 v - 6 poisoned darts (quivered)
Armour
 b - a +0 scale mail (worn)
 c - a +0 buckler (worn)
Jewellery
 s - a ring of magical power
 u - a +6 ring of strength
Wands
 j - a wand of iceblast (6)
 t - a wand of flame (12)
Scrolls
 f - 3 scrolls of fog
 g - a scroll of summoning
 i - 3 scrolls of teleportation
 k - 3 scrolls of enchant armour {unknown}
Potions
 d - a potion of curing {unknown}
 e - a potion of might
 h - a potion of ambrosia
 l - a potion of degeneration
 m - a potion of invisibility
 o - 2 potions of lignification
 q - a potion of brilliance


   Skills:
 + Level 4.0 Fighting
 * Level 4.4 Axes
 + Level 3.3 Armour
 + Level 3.6 Shields


You had 5 spell levels left.
You didn't know any spells.
Your spell library contained the following spells:

 Spells                   Type           Power      Damage    Failure   Level
 Gell's Gravitas          Tloc           0%         N/A       99%         3
 Lesser Beckoning         Tloc           0%         N/A       99%         3
 Teleport Other           Tloc           0%         N/A       99%         3


Dungeon Overview and Level Annotations

Branches:
Dungeon (4/15)             Temple (0/1) D:4

Altars:
Nemelex Xobeh
Trog


Innate Abilities, Weirdness & Mutations

Your serpentine skin is tough. (AC +2)
You have supernaturally acute eyesight. (SInv)
Armour fits poorly on your strangely shaped body.
Your system is resistant to poisons. (rPois)
You cover ground very slowly.
You can spit poison.
You have a snake-like lower body.


Message History

The orc priest looks satisfied for a moment.
The orc priest hits you with a +0 mace. x2
The orc priest hits you from afar with a +0 trident.
You completely miss the orc priest.
The orc priest is severely wounded.
You closely miss the orc. The orc priest barely misses you.
The orc barely misses you. The orc priest hits you with a +0 mace.
You are too injured to fight recklessly!
You are too injured to fight recklessly!
You closely miss the orc. You hit the orc priest.
The orc priest barely misses you. The orc priest completely misses you.
You slash the orc priest!
You kill the orc priest!
You hit the orc wizard but do no damage.
The orc priest barely misses you.
The orc priest hits you from afar with a +0 trident.
The orc wizard points at you and mumbles some strange words.
The puff of flame hits you!
Your Fighting skill increases to level 4!
You closely miss the orc wizard.
The orc priest hits you from afar with a +0 trident.
* * * LOW HITPOINT WARNING * * *
You slash the orc wizard!
The orc wizard is heavily wounded.
The orc priest hits you from afar with a +0 trident.
* * * LOW HITPOINT WARNING * * *
The orc wizard hits you but does no damage.
You slash the orc wizard!
You kill the orc wizard!
You barely miss the orc.
The orc priest hits you but does no damage.
The orc hits you with a +0 morningstar!
* * * LOW HITPOINT WARNING * * *
You block the orc's attack.
The orc priest hits you from afar with a +0 trident.
* * * LOW HITPOINT WARNING * * *
You are confused.
You feel invigorated.
The orc priest hits you from afar with a +0 trident!
You die...

. ##### ...
######...#....
##....#.#....#
####......@)....#
#..#.....##oo....#
##.................
####......#...........
#.........##..........
#.#+#.................
#.# #..#..............
##.#
#.###..#..........
#..# #.. ..##..


You could see an orc priest and an orc.

Vanquished Creatures
  An ogre (D:4)
  2 orc priests
  Jessica (D:3)
  An orc wizard (D:4)
  A gnoll (D:1)
  5 adders
  A dart slug (D:1)
  4 orcs (D:3)
  8 ball pythons
  2 bats
  7 endoplasms
  4 giant cockroaches
  4 goblins
  6 hobgoblins (D:1)
  9 jackals
  3 quokkas
  A frilled lizard (D:3)
  4 kobolds
  4 rats
68 creatures vanquished.

Notes
Turn   | Place    | Note
-------+----------+-------------------------------------------
     0 | D:1      | wormed the Naga Fighter began the quest for the Orb.
     0 | D:1      | Reached XP level 1. HP: 21/21 MP: 1/1
   136 | D:1      | Reached XP level 2. HP: 28/28 MP: 2/2
   563 | D:1      | Reached XP level 3. HP: 34/34 MP: 3/3
  1783 | D:2      | Reached XP level 4. HP: 40/42 MP: 4/4
  2655 | D:3      | Reached XP level 5. HP: 37/49 MP: 5/5
  2986 | D:3      | Noticed Jessica
  2992 | D:3      | Killed Jessica
  3578 | D:4      | Found a sparkling altar of Nemelex Xobeh.
  3600 | D:4      | Identified the +5 scale mail of Ifexuck {rF- Regen+ rCorr
                  | Dex+3}
  3707 | D:4      | Noticed an ogre
  3716 | D:4      | Killed an ogre
  3717 | D:4      | Reached XP level 6. HP: 50/57 MP: 6/6
  3746 | D:4      | Found a staircase to the Ecumenical Temple.
  3768 | D:4      | Found a bloodstained altar of Trog.
  3809 | D:4      | HP: 2/57 [orc priest/+0 trident (1)]
  3810 | D:4      | Slain by an orc priest

Illustrated notes

Levels and vault maps discovered:
D:1:      dpeg_arrival_shrine, layout_basic
D:2:      layout_loops_ring, kennysheep_path_1, kennysheep_boxes
D:3:      layout_basic, st_stairs_9, hangedman_feature_mirror, uniq_jessica
D:4:      layout_cave_pools, mainiacjoe_overflow_surrounded_room,
          mainiacjoe_overflow_alcove_4, minmay_temple_entry_grid

Skill      XL: |  1  2  3  4  5  6 |
---------------+-------------------+-----
Shields        | 3 |  3.6
Axes           | 3 4 |  4.4
Armour         | 3 |  3.3
Fighting       | 4 |  4.0

Action                   |  1- 3 |  4- 6 || total
-------------------------+-------+-------++-------
Melee: War axe           |    98 |   100 ||   198
Throw: Dart              |       |     4 ||     4
Evoke: Wand              |       |     1 ||     1
  Use: Potion            |     2 |     1 ||     3
       Scroll            |       |    12 ||    12
Armor: Scale mail        |    56 |    43 ||    99
       Skin              |     5 |       ||     5
Dodge: Dodged            |    31 |    38 ||    69
Block: Buckler           |    19 |    22 ||    41

Table legend: (Time is in decaauts)
 A = Elapsed time spent in this place.
 B = Non-inter-level travel time spent in this place.
 C = Inter-level travel time spent in this place.
 D = Time resting spent in this place.
 E = Time spent auto-exploring this place.
 F = Levels seen in this place.
 G = Mean time per level.
                   A        B        C        D        E       F      G
               +--------+--------+--------+--------+--------+-----+--------+
         Total |   4940 |   4736 |    204 |    309 |   3865 |   4 | 1235.0 |
       Dungeon |   4940 |   4736 |    204 |    309 |   3865 |   4 | 1235.0 |
               +--------+--------+--------+--------+--------+-----+--------+

Top non-repeatable levels by time:
     D:1: 1769 daAuts
     D:3: 1699 daAuts
     D:2: 1102 daAuts
     D:4: 369 daAuts
